 Dungeon Crawl Stone Soup version 0.28.0-43-g3370ac3207 (webtiles) character file.

Game seed: 13488831535435989319

4440 Kaptain the Geomancer (level 10, 0/61 HPs)
             Began as a Gargoyle Earth Elementalist on Mar 17, 2022.
             Slain by a slime creature (13 damage)
             ... on level 7 of the Dungeon.
             The game lasted 00:17:45 (10669 turns).

Kaptain the Geomancer (GrEE)                       Turns: 10669, Time: 00:17:46

Health: 0/61       AC: 17    Str: 19    XL:     10   Next: 37%
Magic:  2/19       EV: 12    Int: 19    God:
Gold:   340        SH:  0    Dex: 10    Spells: 9/21 levels left

rFire   . . .      SeeInvis .   I - +4 battleaxe (freeze)
rCold   . . .      Faith    .   (shield currently unavailable)
rNeg    + . .      Spirit   .   A - +0 steam dragon scales
rPois   ∞          Reflect  .   (no helmet)
rElec   +          Harm     .   G - +2 cloak
rCorr   .          Rampage  .   i - +0 pair of gloves
Will    .....                   (no boots)
Stlth   ++........              (no amulet)
HPRegen 0.20/turn               d - +6 ring of strength
MPRegen 0.16/turn               (no ring)

@: very slow
A: sickness immunity, AC +7, negative energy resistance 1, electricity
resistance, torment resistance 1, petrification resistance
a: no special abilities


You were on level 7 of the Dungeon.
You visited 2 branches of the dungeon, and saw 8 of its levels.
You also visited: Sewer.

You collected 340 gold pieces.

Inventory:

Hand Weapons
 e - a +2 whip of electrocution
 n - a +3 short sword
 F - a +2 dagger of speed
 I - a +4 battleaxe of freezing (weapon)
Missiles
 a - 7 poisoned darts
 c - 107 stones
 k - 4 javelins
 B - 2 throwing nets
Armour
 i - a +0 pair of gloves (worn)
 A - +0 steam dragon scales (worn)
 G - a +2 cloak (worn)
Jewellery
 d - a +6 ring of strength (left hand)
Wands
 j - a wand of flame (26)
 r - a wand of digging (3)
 C - a wand of paralysis (19)
Scrolls
 f - 2 scrolls of enchant armour
 g - a scroll of blinking
 o - 3 scrolls of teleportation
 q - a scroll of holy word
 t - a scroll of silence {unknown}
 u - a scroll of immolation {unknown}
 y - a scroll of fear {unknown}
 H - a scroll of identify
Potions
 b - 2 potions of curing
 h - 2 potions of flight
 l - a potion of berserk rage {unknown}
 m - a potion of attraction
 p - a potion of lignification
 s - 3 potions of haste
 v - 3 potions of invisibility
 z - a potion of degeneration
 D - a potion of might {unknown}
 E - a potion of heal wounds


   Skills:
 * Level 6.8 Fighting
 + Level 4.8 Armour
 + Level 4.0 Dodging
 - Level 5.0 Stealth
 * Level 6.2 Spellcasting
 * Level 6.7 Conjurations
 - Level 0.7 Transmutations
 * Level 8.4 Earth Magic


You had 9 spell levels left.
You knew the following spells:

 Your Spells              Type           Power      Damage    Failure   Level
a - Sandblast             Erth           76%        2d16      1%          1
b - Stone Arrow           Conj/Erth      68%        3d11      1%          3
c - Iron Shot             Conj/Erth      17%        9d4       58%         6
d - Blink                 Tloc           10%        N/A       17%         2

Your spell library contained the following spells:

 Spells                   Type           Power      Damage    Failure   Level
 Passwall                 Tmut/Erth      19%        N/A       2%          2
 Animate Skeleton         Necr           10%        N/A       11%         1
 Apportation              Tloc           10%        N/A       11%         1
 Summon Small Mammal      Summ           20%        N/A       11%         1
 Ensorcelled Hibernation  Hex/Ice        10%        N/A       17%         2
 Petrify                  Tmut/Erth      23%        N/A       17%         4
 Animate Armour           Summ/Erth      44%        N/A       19%         4
 Inner Flame              Hex/Fire       5%         N/A       32%         3
 Lesser Beckoning         Tloc           5%         N/A       32%         3
 Portal Projectile        Hex/Tloc       10%        N/A       32%         3
 Swiftness                Air            5%         N/A       32%         3
 Cause Fear               Hex            2%         N/A       73%         4
 Blade Hands              Tmut           4%         N/A       92%         5
 Excruciating Wounds      Necr           2%         N/A       97%         5
 Manifold Assault         Tloc           5%         N/A       97%         5
 Discord                  Hex            2%         N/A       100%        8


Dungeon Overview and Level Annotations

Branches:
Dungeon (7/15)             Temple (1/1) D:7           Sewer (visited)

Altars:
Ashenzari
Cheibriados
Dithmenos
Elyvilon
Hepliaklqana
Kikubaaqudgha
Makhleb
Okawaru
Qazlal
Ru
Sif Muna
Uskayaw
Vehumet
Wu Jian
Xom
Zin
The Shining One

Shops:
D:5 *


Innate Abilities, Weirdness & Mutations

You are immune to sickness and miasma.
Your stone body is resilient. (AC +7)
You are immune to poison.
You resist negative energy. (rN+)
You are resistant to electric shocks. (rElec)
You are resistant to unholy torment.
You are immune to petrification.


Message History

Aim: an orc warrior, wielding a +1 scimitar of holy wrath and wearing a +0 plate armour (74% to hit)
The stone arrow hits the orc warrior!
The orc warrior is heavily wounded.
The orc warrior misses you.
Casting: Stone Arrow (safe; 1% risk of failure)
Confirm with . or Enter, or press ? or * to list all spells.
Aiming: Stone Arrow (safe; 1% risk of failure)
Press: ? - help, Shift-Dir - straight line, f/p - orc warrior
Aim: an orc warrior, wielding a +1 scimitar of holy wrath and wearing a +0 plate armour (heavily wounded, 74% to hit)
The stone arrow hits the orc warrior.
The orc warrior is heavily wounded.
The orc warrior hits you with a +1 scimitar of holy wrath.
Casting: Stone Arrow (safe; 1% risk of failure)
Confirm with . or Enter, or press ? or * to list all spells.
Aiming: Stone Arrow (safe; 1% risk of failure)
Press: ? - help, Shift-Dir - straight line, f/p - orc warrior
Aim: an orc warrior, wielding a +1 scimitar of holy wrath and wearing a +0 plate armour (heavily wounded, 74% to hit)
The stone arrow hits the orc warrior!!
You kill the orc warrior!
You hear a splash. x2
You start resting.
A slime creature comes into view.
Your unstable footing causes you to fumble your attack.
The slime creature barely misses you.
Casting: Stone Arrow (safe; 1% risk of failure)
Confirm with . or Enter, or press ? or * to list all spells.
Aiming: Stone Arrow (safe; 1% risk of failure)
Press: ? - help, Shift-Dir - straight line, f - slime creature
Aim: a slime creature (94% to hit)
The stone arrow hits the slime creature.
The slime creature is lightly wounded.
The slime creature hits you!
* * * LOW HITPOINT WARNING * * *
Casting: Stone Arrow (safe; 1% risk of failure)
Confirm with . or Enter, or press ? or * to list all spells.
You don't have enough magic to cast this spell.
Unknown command.
The slime creature closely misses you. The slime creature hits you!
You die...

#.♣♣♣..♣♣♣[.♣♣♣.#
#... #.♣ ♣..♣
♣.(♣ ♣.# #...
#.♣♣♣..♣♣♣..♣♣♣.#
####
#♣...♣♣...♣♣...♣#
######♣.♣######
♣≈≈≈≈.♣♣♣)♣
♣P≈♣♣♣.≈♣.K♣≈P♣
♣♣≈.♣J.♣P).cZ
♣≈≈≈@♣♣♣♣≈♣#oKc
♣♣≈.♣♣ ≈♣ .$ #♣.♣
## ..♣ ♣..♣ ♣⌠..
♣♣♣♣


You could see a slime creature and a kobold brigand.

Vanquished Creatures
  A centaur warrior (D:7)
  Pikel (D:4)
  A steam dragon (D:6)
  Menkaure (D:5)
  Duvessa (D:4)
  An ice beast (D:7)
  3 orc warriors
  4 black bears
  2 ogres
  2 necrophages (D:6)
  2 centaurs
  2 lemures (D:4)
  2 kobold brigands (Sewer)
  A bullfrog (D:6)
  2 wyvern zombies
  3 scorpions
  A water moccasin zombie (D:6)
  A wyvern skeleton (D:7)
  Dowan (D:4)
  3 wights (D:7)
  2 howler monkeys (D:6)
  A centaur zombie (D:6)
  2 hounds
  Crazy Yiuf (D:3)
  2 orc priests
  2 gnoll shamans
  2 bullfrog skeletons (D:5)
  2 centaur skeletons (D:7)
  3 iguanas
  2 orc wizards
  10 adders
  18 gnolls
  A howler monkey skeleton (D:7)
  3 river rats
  3 shadow imps
  A white imp (D:5)
  An ufetubus (D:7)
  2 adder skeletons (D:4)
  2 worms
  16 orcs
  4 ball pythons
  6 endoplasms
  5 giant cockroaches
  5 goblins
  12 hobgoblins
  A jackal (Sewer)
  6 quokkas
  6 bats
  2 frilled lizards
  11 kobolds
  11 rats
180 creatures vanquished.

Vanquished Creatures (others)
  14 plants (D:7)
14 creatures vanquished.

Grand Total: 194 creatures vanquished

Notes
Turn   | Place    | Note
-------+----------+-------------------------------------------
     0 | D:1      | Kaptain the Gargoyle Earth Elementalist began the quest for
                  | the Orb.
     0 | D:1      | Reached XP level 1. HP: 10/10 MP: 3/3
   448 | D:1      | Reached XP level 2. HP: 16/16 MP: 5/5
  1034 | D:2      | Reached XP level 3. HP: 12/20 MP: 4/6
  1038 | D:2      | Learned a level 3 spell: Stone Arrow
  1247 | D:2      | Found a glowing golden altar of the Shining One.
  1497 | D:2      | Found a faded altar of an unknown god.
  1534 | D:2      | Reached skill level 1 in Fighting
  1667 | D:3      | Reached skill level 4 in Earth Magic
  1729 | D:3      | Reached skill level 1 in Armour
  1729 | D:3      | Reached skill level 1 in Conjurations
  1757 | D:3      | Reached XP level 4. HP: 25/25 MP: 4/7
  1833 | D:3      | Found a runed translucent door.
  1834 | D:3      | Noticed Crazy Yiuf
  1904 | D:3      | Found a glowing drain.
  1942 | Sewer    | Entered a sewer
  2155 | Sewer    | Noticed a kobold brigand
  2164 | Sewer    | Killed a kobold brigand
  2165 | Sewer    | Reached XP level 5. HP: 30/30 MP: 2/9
  2221 | Sewer    | Noticed a kobold brigand
  2228 | Sewer    | Killed a kobold brigand
  2229 | Sewer    | Reached XP level 6. HP: 36/36 MP: 4/10
  2306 | Sewer    | Found a glowing silver altar of Zin.
  2802 | D:4      | Noticed Duvessa
  2802 | D:4      | Noticed Dowan
  2823 | D:4      | Killed Duvessa
  3022 | D:4      | Killed Dowan
  3023 | D:4      | Reached skill level 5 in Earth Magic
  3389 | D:4      | Noticed Pikel
  3591 | D:4      | Reached XP level 7. HP: 40/40 MP: 9/12
  3997 | D:4      | Learned a level 6 spell: Iron Shot
  4697 | D:4      | Reached XP level 8. HP: 48/48 MP: 3/14
  4790 | D:4      | Killed Pikel
  4791 | D:4      | Reached skill level 6 in Earth Magic
  5953 | D:5      | Entered Level 5 of the Dungeon
  5953 | D:5      | Noticed Menkaure
  5958 | D:5      | Killed Menkaure
  6224 | D:5      | Reached XP level 9. HP: 53/53 MP: 6/16
  6442 | D:5      | Reached skill level 5 in Fighting
  6869 | D:5      | Reached skill level 5 in Spellcasting
  6869 | D:5      | Reached skill level 5 in Conjurations
  7154 | D:5      | Identified the +0 ring mail of Space {rF- Int+8 Dex+3}
  7385 | D:5      | Found Girr's General Store.
  7397 | D:5      | Reached skill level 7 in Earth Magic
  8167 | D:6      | Reached skill level 5 in Stealth
  8387 | D:6      | Found a radiant altar of Vehumet.
  9307 | D:3      | Killed Crazy Yiuf
  9775 | D:7      | Learned a level 2 spell: Blink
  9820 | D:7      | Found a staircase to the Ecumenical Temple.
  9826 | D:7      | Reached XP level 10. HP: 60/60 MP: 11/18
  9831 | Temple   | Entered the Ecumenical Temple
 10239 | D:7      | Reached skill level 8 in Earth Magic
 10632 | D:7      | Noticed a centaur warrior
 10633 | D:7      | Noticed a centaur warrior
 10660 | D:7      | Killed a centaur warrior
 10669 | D:7      | Slain by a slime creature

Illustrated notes

Levels and vault maps discovered:
D:1:      evilmike_arrival_rings, layout_basic
D:2:      layout_loops_ring, nicolae_ecumenical_pavilion, kennysheep_flooded_box
D:3:      layout_loops_cross, portal_sewer_entry_b, uniq_crazy_yiuf_cottage
D:4:      cheibrodos_barr_body, layout_layer_cave, eino_tiny_chamber,
          uniq_pikel, uniq_duvessa
D:5:      layout_loops_corners, serial_shops, nicolae_diamond_shop,
          uniq_menkaure
D:6:      layout_basic, vehumet_crystals, lemuel_flamethrower_1
D:7:      nzn_winding_woodlands_three_and_one
          [nzn_winding_woodlands_5x15_zeroes,
          nzn_winding_woodlands_5x15_lazy_stream,
          nzn_winding_woodlands_5x15_crooked,
          nzn_winding_woodlands_center_garden], layout_loops_ring,
          minmay_temple_entry_glass, minmay_holes
Temple:   compressed_dpeg_circular_temple

Skill      XL: |  1  2  3  4  5  6  7  8  9 10 |
---------------+-------------------------------+-----
Fighting       | 1 2 3 4 6 |  6.8
Earth Magic    | 4 5 6 7 8 |  8.4
Armour         | 1 2 3 4 |  4.8
Conjurations   | 1 2 3 4 6 |  6.7
Dodging        | 2 3 4 |  4.0
Stealth        | 3 4 5 |  5.0
Spellcasting   | 3 4 5 6 |  6.2
Transmutations | |  0.7

Action                   |  1- 3 |  4- 6 |  7- 9 | 10-12 || total
-------------------------+-------+-------+-------+-------++-------
Melee: Whip              |    42 |    56 |    59 |       ||   157
       Punch             |       |     1 |       |       ||     1
       Battleaxe         |       |       |       |    20 ||    20
 Cast: Sandblast         |    28 |    60 |    71 |       ||   159
       Stone Arrow       |       |     3 |   111 |    30 ||   144
Evoke: Wand              |       |     1 |     2 |       ||     3
  Use: Scroll            |       |     6 |     7 |       ||    13
       Potion            |       |     1 |     3 |       ||     4
 Stab: Sleeping          |     3 |     1 |       |       ||     4
Armor: Robe              |    14 |       |       |       ||    14
       Leather armour    |       |    33 |    56 |       ||    89
       Steam dragon scal |       |       |     2 |    45 ||    47
Dodge: Dodged            |    36 |    48 |   103 |    36 ||   223
